 Dungeon Crawl Stone Soup version 0.32-a0-132-g2d33c3cfaf (webtiles) character file.

Game seed: 15342586222728765451

50 zeratav the Sneak (level 3, -1/23 HPs)
             Began as an Octopode Shapeshifter on Feb 9, 2024.
             Frozen to death by an endoplasm (5 damage)
             ... on level 2 of the Dungeon.
             The game lasted 00:01:38 (978 turns).

zeratav the Sneak (Octopode Shapeshifter)            Turns: 978, Time: 00:01:39

Health: -1/23      AC:  1    Str: 15    XL:     3   Next: 79%
Magic:  3/3        EV: 13    Int: 12    God:
Gold:   100        SH:  0    Dex: 11    Spells: 2/2 levels left

rFire   . .          .
                       - Unarmed
rCold   . . .        (no shield)
rNeg    . . .        (helmet currently unavailable)
rPois   +            (no amulet)
rElec   .            i - ring of poison resistance
rCorr   .            (no ring)
SInv    .            (no ring)
Will    .....        (no ring)
Stlth   +++++        (no ring)
HPRegen 0.23/turn    (no ring)
MPRegen 0.08/turn    (no ring)
                     (no ring)

%: no passive effects
@: beast-form
A: beast (slay +1), almost no armour, amphibious, 8 rings, camouflage 1,
gelatinous body 1, nimble swimmer 1, tentacles
a: Begin Untransformation


You were on level 2 of the Dungeon.
You were a hulking beast.
You visited 1 branch of the dungeon, and saw 2 of its levels.

You collected 100 gold pieces.


Innate Abilities, Weirdness & Mutations

You are a hulking beast.
Your limbs bulge with bestial killing power. (Slay +1)
You cannot wear most types of armour.
You are amphibious.
You can wear up to eight rings at the same time.
Your skin changes colour to match your surroundings (Stealth+).
Your rubbery body absorbs attacks. (AC +1, EV +1)
You are camouflaged when in or above water. (Stealth+)
You have tentacles for arms and can constrict up to eight enemies at once.


   Skills:
 - Level 1.0 Fighting
 - Level 2.0 Dodging
 + Level 4.8 Stealth
 - Level 3.0 Unarmed Combat
 - Level 3.0 Shapeshifting


You had 2 spell levels left.
You didn't know any spells.
Your spell library was empty.

Inventory:

Jewellery
 e - a ring of fire
   (You found it on level 1 of the Dungeon)
 i - a ring of poison resistance (left tentacle)
   (You found it on level 1 of the Dungeon)
Talismans
 b - a beast talisman
 c - a flux talisman
Scrolls
 d - a scroll of teleportation {unknown}
 f - a scroll of fog {unknown}
 g - a scroll of fear {unknown}
 j - a scroll of amnesia {unknown}
Potions
 a - a potion of lignification {!q}
 h - a potion of magic {unknown}

Dungeon Overview and Level Annotations

Branches:
Dungeon (2/15) Zot: 11026

Altars:

###.##...................###.####
.......................#..##.###≈
................~...~~.~~.....#≈≈
.................~~~~~~~~~~~~~))≈
................~≈≈~~~~~~~~~~~~≈≈
...............≈≈≈.≈~~~≈~~~~~~~≈~
..............#~g~≈~~~~~≈~~~≈..~~
...)..........#≈J≈≈#.~~...~.~.~~~
..........###.#≈h≈≈######....####
...........##.#≈≈≈≈########..####
..###......#####≈≈≈#.....##.#....
.# #.........###≈##.....#..#....
. #......##.# #≈##.....#.##....
#......# # ####....<#.......
.......# ####......#.....
.#......# #.....#.........
S.#......# ..........#.######


You could see an endoplasm and a goblin.


Message History

You barely miss the adder. Your grab misses the adder. The adder misses you.
The endoplasm hits you.
HP[-1]
You take 1 damage, and now have 20/23 hp.
You miss the adder. Your grab misses the adder. The adder closely misses you.
The endoplasm freezes you.
You are frozen.
The adder barely misses you.
You bludgeon the adder! Your grab misses the adder.
The adder closely misses you. The endoplasm barely misses you.
You barely miss the adder. Your grab misses the adder.
The adder barely misses you. The ball python misses you.
The ball python grabs you. The ball python constricts you.
The endoplasm freezes you.
You are frozen.
HP[-1]
You take 1 damage, and now have 19/23 hp.
You tentacle-slap the ball python. You grab the ball python.
You constrict the ball python. The adder bites you.
The ball python bites you but does no damage.
The ball python constricts you. The endoplasm closely misses you.
The goblin hits you but does no damage.
HP[-3]
You take 3 damage, and now have 16/23 hp.
You tentacle-slap the ball python.
You kill the ball python!
The adder barely misses you. The adder misses you.
The endoplasm barely misses you. The goblin closely misses you.
You closely miss the adder. Your grab misses the adder.
Your tentacle-slap misses the adder.
Your squeeze misses the adder. The adder bites you.
You tentacle-slap the adder but do no damage.
You grab the adder. You constrict the adder. The endoplasm freezes you.
You are frozen.
The goblin hits you with a +0 mace. The adder barely misses you.
HP[-4]
You take 4 damage, and now have 12/23 hp.
You tentacle-slap the adder.
You kill the adder!
The goblin hits you with a +0 mace!
* * * LOW HITPOINT WARNING * * *
The endoplasm freezes you.
You are frozen.
* * * LOW HITPOINT WARNING * * *
An endoplasm comes into view.
You are too injured to fight recklessly!
You are too injured to fight recklessly!
You are too injured to fight recklessly!
HP[-9]
You take 9 damage, and now have 3/23 hp.
MASSIVE DAMAGE!! (PAUSE)
You are too injured to fight recklessly!
You are too injured to fight recklessly!
You are too injured to fight recklessly!
You are too injured to fight recklessly!
You are too injured to fight recklessly!
You are too injured to fight recklessly!
You are too injured to fight recklessly!
You are too injured to fight recklessly!
You are too injured to fight recklessly!
You are too injured to fight recklessly!
You are too injured to fight recklessly!
You are too injured to fight recklessly!
You are too injured to fight recklessly!
The goblin attacks as it pursues you! The goblin completely misses you.
HP[+1]
The endoplasm attacks as it pursues you!
The endoplasm hits you.
* * * LOW HITPOINT WARNING * * *
HP[-2]
You take 2 damage, and now have 2/23 hp.
The goblin hits you but does no damage.
The endoplasm attacks as it pursues you!
The endoplasm hits you.
* * * LOW HITPOINT WARNING * * *
HP[-1]
You take 1 damage, and now have 1/23 hp.
The goblin barely misses you.
HP[+1] HP[+1]
You enter the shallow water.
The endoplasm attacks as it pursues you!
The endoplasm misses you.
The endoplasm attacks as it pursues you!
The endoplasm splashes around in the water.
HP[+1] HP[+1]
The endoplasm jiggles.
HP[+1] HP[+1]
The endoplasm freezes you.
You are frozen.
* * * LOW HITPOINT WARNING * * *
HP[-4]
You take 4 damage, and now have 3/23 hp.
You are too injured to fight recklessly!
You tentacle-slap the endoplasm. The endoplasm freezes you.
You are frozen.
You die...

Skill      XL: |  1  2 |
---------------+-------+-----
Stealth        | 2 4 |  4.8
Fighting       | |  1.0
Dodging        | |  2.0
Unarmed Combat | |  3.0
Shapeshifting  | |  3.0

Action                     || total
---------------------------++-------
  Melee: Unarmed           ||    74
         Constrict         ||    12
         Tentacles         ||     9
         Punch             ||     2
   Stab: Sleeping          ||     3
 Armour: Skin              ||    44
  Dodge: Dodged            ||    56

Levels and vault maps discovered:
D:1:      dpeg_arrival_tiny_a, layout_rooms
D:2:      layout_rooms, serial_rivers, chequers_serial_rivers_large_b,
          chequers_serial_rivers_large_a, chequers_serial_rivers_small_b,
          chequers_serial_rivers_micro_a, chequers_serial_rivers_micro_e,
          chequers_serial_rivers_room_b, minmay_misc_feat_secret_circle,
          uniq_jessica, uniq_robin

Notes
Turn   | Place    | Note
-------+----------+-------------------------------------------
     0 | D:1      | zeratav the Octopode Shapeshifter began the quest for the
                  | Orb.
     0 | D:1      | Reached XP level 1. HP: 13/13 MP: 1/1
     0 | D:1      | magus.rc [v1.9.6]
    87 | D:1      | Reached skill level 1 in Stealth
   168 | D:1      | Reached skill level 2 in Stealth
   191 | D:1      | Reached XP level 2. HP: 18/18 MP: 2/2
   286 | D:1      | Reached skill level 3 in Stealth
   720 | D:2      | Noticed Robin
   753 | D:2      | Killed Robin
   754 | D:2      | Reached skill level 4 in Stealth
   754 | D:2      | Reached XP level 3. HP: 8/23 MP: 3/3
   945 | D:2      | HP: 5/23 [goblin/+0 mace (7)]
   949 | D:2      | HP: 2/23 [endoplasm (2)]
   977 | D:2      | HP: 3/23 [frozen (4)]
   978 | D:2      | Frozen to death by an endoplasm

Vanquished Creatures
  Robin (D:2)
  An adder (D:2)
  A dart slug (D:1)
  A bat (D:1)
  4 endoplasms (D:1)
  7 goblins
  A hobgoblin (D:2)
  2 quokkas
  4 ball pythons
  A frilled lizard (D:1)
  2 kobolds (D:1)
  A rat (D:1)
26 creatures vanquished.

Table legend:
 A = Non-vault XP
 B = Vault XP
 C = Vault XP percentage of total XP
 D = Non-vault monster count
 E = Vault monster count
 F = Vault count percentage of total count
                 A         B        C        D         E       F
            +---------+---------+-------+---------+---------+-------
      Total |      45 |      27 |  37.5 |      18 |       8 |  30.8
            +---------+---------+-------+---------+---------+-------
        D:1 |      25 |       0 |   0.0 |      14 |       0 |   0.0
        D:2 |      20 |      27 |  57.4 |       4 |       8 |  66.7
            +---------+---------+-------+---------+---------+-------

Skill      XL: |  1  2 |
---------------+-------+-----
Stealth        | 2 4 |  4.8
Fighting       | |  1.0
Dodging        | |  2.0
Unarmed Combat | |  3.0
Shapeshifting  | |  3.0

Action                     || total
---------------------------++-------
  Melee: Unarmed           ||    74
         Constrict         ||    12
         Tentacles         ||     9
         Punch             ||     2
   Stab: Sleeping          ||     3
 Armour: Skin              ||    44
  Dodge: Dodged            ||    56

Illustrated notes

Table legend:
 A = Kills in this place as a percentage of kills in the entire game.
 B = Kills by you in this place as a percentage of kills by you in the entire game.
 C = Kills by friends in this place as a percentage of kills by friends in the entire game.
 D = Other kills in this place as a percentage of other kills in the entire game.
 E = Experience gained in this place as a percentage of experience gained in the entire game.
 F = Experience gained in this place divided by the number of levels of this place that you have seen.
                   A       B       C       D       E      F
               +-------+-------+-------+-------+-------+----------------------
         Total | 100.0 | 100.0 |   N/A |   N/A | 100.0 |  36.0
       Dungeon | 100.0 | 100.0 |   N/A |   N/A | 100.0 |  36.0
               +-------+-------+-------+-------+-------+----------------------

Table legend: (Time is in decaauts)
 A = Elapsed time spent in this place.
 B = Non-inter-level travel time spent in this place.
 C = Inter-level travel time spent in this place.
 D = Time resting spent in this place.
 E = Time spent auto-exploring this place.
 F = Levels seen in this place.
 G = Mean time per level.
                   A        B        C        D        E       F      G
               +--------+--------+--------+--------+--------+-----+--------+
         Total |    972 |    953 |     19 |    122 |    601 |   2 |  486.0 |
       Dungeon |    972 |    953 |     19 |    122 |    601 |   2 |  486.0 |
               +--------+--------+--------+--------+--------+-----+--------+

Top non-repeatable levels by time:
     D:1: 561 daAuts
     D:2: 410 daAuts
